Map: Blueshift LE

Players

lIIllllIIlll (INnoVation) - Winner!

  • Race: Terran Terran
  • League: Master
  • Spawn Location: 1:00

goblin

  • Race: Protoss Protoss
  • Spawn Location: 7:00

Event: HomeStory Cup XVIII

VOD

Have the link to the VOD?

Description

Time

  • Played on: Nov. 22, 2018, 4:11 p.m.
  • Length: 6:43

All games in this series

Show
View Real Time Build Order
Export as new Build Order

lIIllllIIlll Terran - Winner!

Build Orders: Cyclone Opening 

Get SALT Encoding   

  12  0:00  SCV  
  13  0:12  SCV  
  14  0:17  Supply Depot  
  14  0:24  SCV  
  15  0:39  SCV  
  15  0:42  Barracks  
  16  0:45  Refinery  
  16  0:51  SCV  
  16  0:55  Refinery  
  17  1:03  SCV  
  18  1:15  SCV  
  19  1:28  Orbital Command  
  19  1:29  Reaper  
  20  1:38  Supply Depot  
  20  1:45  Factory  
  21  1:54  SCV  
  21  2:06  SCV, Barracks Tech Lab  
  22  2:18  SCV  
  23  2:26  Marauder  
  23  2:28  Factory Tech Lab  
  24  2:30  SCV  
  24  2:35  Supply Depot  
  25  2:38  Concussive Shells  
  25  2:42  SCV  
  26  2:47  Cyclone, Mag-Field Accelerator  
  26  2:48  Marauder  
  31  2:54  Supply Depot  
  31  2:57  SCV  
  32  3:09  Marauder  
  32  3:11  SCV  
  35  3:19  Cyclone  
  38  3:24  SCV  
  39  3:30  Supply Depot  
  39  3:35  Starport  
  39  3:37  SCV  
  38  3:50  SCV  
  38  3:52  Bunker  
  37  4:02  SCV  
  38  4:10  Cyclone  
  38  4:14  Viking  
  38  4:15  SCV  
  44  4:17  Supply Depot  
  44  4:28  SCV  
  44  4:32  Marine  
  45  4:41  SCV  
  45  4:42  Cyclone  
  48  4:47  Starport Tech Lab  
  46  4:53  SCV  
  47  5:05  SCV  
  48  5:12  Banshee  
  48  5:13  Cloaking Field  
  51  5:16  Widow Mine  
  52  5:29  SCV  
  52  5:30  Marine  
  50  5:37  Widow Mine  
  50  5:41  SCV  
  40  5:54  SCV  
  40  5:56  Banshee  
  41  5:57  Command Center  
  41  5:59  Widow Mine  
  43  6:06  SCV  
  44  6:12  Barracks  
  44  6:18  SCV  
  45  6:22  Widow Mine  
  47  6:29  Barracks  
  47  6:30  SCV  
  45  6:33  Barracks  
Show
View Real Time Build Order
Export as new Build Order

goblin Protoss 

Build Orders: 1 Gate Expand, Oracle Opening 

Get SALT Encoding   

  12  0:01  Probe  
  13  0:13  Probe  
  14  0:18  Pylon  
  14  0:24  Probe  
  15  0:32  Probe  
  15  0:41  Gateway, Probe  
  16  0:48  Assimilator  
  17  0:52  Probe  
  19  1:04  Probe  
  19  1:31  Cybernetics Core  
  19  1:35  Zealot  
  19  1:37  Nexus  
  21  1:45  Assimilator  
  21  1:53  Pylon  
  21  1:55  Probe  
  22  2:02  Adept  
  22  2:09  Probe  
  22  2:14  Warp Gate  
  25  2:20  Adept  
  26  2:38  Probe  
  26  2:43  Pylon  
  27  2:50  Shield Battery, Probe  
  28  2:56  Stalker  
  28  3:00  Stargate  
  30  3:14  Shield Battery  
  30  3:20  Adept  
  32  3:32  Probe x2  
  34  3:39  Oracle  
  34  3:40  Pylon  
  30  4:03  Probe  
  30  4:04  Shield Battery  
  31  4:17  Zealot  
  33  4:24  Shield Battery  
  33  4:25  Pylon  
  33  4:26  Phoenix  
  33  4:38  Probe  
  36  4:52  Phoenix  
  36  4:56  Probe  
  38  5:15  Pylon  
  38  5:26  Phoenix  
  27  5:48  Probe  
  23  5:51  Phoenix  
  25  6:00  Probe  
  26  6:13  Probe  
  26  6:16  Phoenix  
  29  6:25  Probe  
  30  6:33  Gateway  
Tags
 
Add a new tag
Caveats
  • Supply blocks, unpowered buildings, or Contaminate may cause inaccurate times.
  • Supply counts are checked every 10 seconds.